 Dungeon Crawl Stone Soup version 0.28-a0-750-g7c675f85b1 (webtiles) character file.

Game seed: 15056670836924279098

45 ytrimaz the Ruffian (level 3, 24/27 HPs)
             Began as a Demonspawn Gladiator on Oct 29, 2021.
             Quit the game on level 2 of the Dungeon.
             The game lasted 00:03:03 (1251 turns).

ytrimaz the Ruffian (Demonspawn Gladiator)          Turns: 1251, Time: 00:03:04

Health: 24/27      AC:  7    Str: 15    XL:     3   Next: 42%
Magic:  3/3        EV: 12    Int:  9    God:
Gold:   56         SH:  0    Dex: 14    Spells: 2/2 levels left

rFire   . . .      SeeInvis .     - Unarmed
rCold   . . .      Faith    .   (no shield)
rNeg    . . .      Spirit   .   a - +0 leather armour
rPois   +          Reflect  .   b - +1 helmet
rElec   .          Harm     .   (no cloak)
rCorr   .          Rampage  .   (no gloves)
Will    +....                   (no boots)
Stlth   +.........              (no amulet)
HPRegen 0.09/turn               d - ring of poison resistance
MPRegen 0.08/turn               j - ring of willpower

@: no status effects
A: thin metallic scales 1
a: no special abilities


You were on level 2 of the Dungeon.
You visited 1 branch of the dungeon, and saw 2 of its levels.

You collected 56 gold pieces.

Inventory:

Hand Weapons
 f - a +3 whip of draining
Missiles
 c - 3 throwing nets (quivered)
Armour
 a - a +0 leather armour (worn)
 b - a +1 helmet (worn)
Jewellery
 d - a ring of poison resistance (left hand)
 j - a ring of willpower (right hand)
Scrolls
 h - 2 scrolls of teleportation
Potions
 e - a potion of invisibility {unknown}
 k - 2 potions of lignification


   Skills:
 + Level 2.1 Fighting
 + Level 1.9 Throwing
 + Level 0.5 Armour
 + Level 3.0 Dodging
 + Level 0.4 Stealth
 + Level 3.5 Unarmed Combat


You had 2 spell levels left.
You didn't know any spells.
Your spell library was empty.

Dungeon Overview and Level Annotations

Branches:
Dungeon (2/15)

Altars:


Innate Abilities, Weirdness & Mutations

You are partially covered in thin metallic scales. (AC +2)


Message History

It is a scroll of identify.
h - 2 scrolls of teleportation
As you read the scroll of identify, it crumbles to dust.
k - 2 potions of lignification The hobgoblin shouts!
A giant cockroach comes into view.
A giant cockroach is nearby!
A giant cockroach is nearby!
Found a stone staircase leading down.
You hit the hobgoblin.
You kill the hobgoblin!
The giant cockroach bites you but does no damage.
The giant cockroach bites you but does no damage.
The giant cockroach bites you but does no damage.
You barely miss the giant cockroach. The giant cockroach barely misses you.
You completely miss the giant cockroach.
The giant cockroach bites you. The giant cockroach barely misses you.
You hit the giant cockroach but do no damage.
The giant cockroach closely misses you.
You hit the giant cockroach.
The giant cockroach is heavily wounded.
The giant cockroach bites you.
You barely miss the giant cockroach.
The giant cockroach is heavily wounded.
The giant cockroach bites you but does no damage.
You hit the giant cockroach but do no damage.
The giant cockroach is heavily wounded.
The giant cockroach bites you but does no damage.
Unknown command.
You hit the giant cockroach.
You kill the giant cockroach!
You see here a giant cockroach corpse.
As you read the scroll labelled WEFFEENYSO, it crumbles to dust.
It is a scroll of enchant armour.
Your +0 helmet glows green for a moment.
Unknown command.
As you read the scroll labelled TEWOTSANURPH, it crumbles to dust.
It is a scroll of enchant weapon.
Your +2 whip of draining glows red for a moment.
Are you sure you want to abandon this character and quit the game? (Confirm with "yes".)

.# #...# #>..# #...#
#...######
########.........
.###........(.......
....................
..##....@...........
########...#####.#
#.........#
#...#####.# #...#
#####...#########
#.......#.......#
##.###...#.# #.#
####........#.#####†#


There were no monsters in sight!

Vanquished Creatures
  An adder (D:2)
  A gnoll (D:1)
  5 ball pythons
  3 endoplasms (D:1)
  A giant cockroach (D:2)
  2 hobgoblins
  2 quokkas (D:1)
  A bat (D:2)
  A frilled lizard (D:1)
  2 goblins (D:1)
  3 kobolds
  3 rats (D:1)
25 creatures vanquished.

Notes
Turn   | Place    | Note
-------+----------+-------------------------------------------
     0 | D:1      | ytrimaz the Demonspawn Gladiator began the quest for the
                  | Orb.
     0 | D:1      | Reached XP level 1. HP: 16/16 MP: 1/1
   267 | D:1      | Gained mutation: You are partially covered in thin metallic
                  | scales. (AC +2) [demonic ancestry]
   267 | D:1      | Reached XP level 2. HP: 19/22 MP: 2/2
   722 | D:1      | Found a faded altar of an unknown god.
   818 | D:1      | Reached XP level 3. HP: 26/27 MP: 3/3
  1251 | D:2      | Quit the game

Illustrated notes

Levels and vault maps discovered:
D:1:      dpeg_arrival_rhombus, layout_basic, basic_ecumenical_altar
D:2:      layout_loops_cross

Skill      XL: |  1  2  3 |
---------------+----------+-----
Unarmed Combat | 3 |  3.5
Dodging        | 3 |  3.0
Fighting       | |  2.1
Throwing       | |  1.9
Armour         | |  0.5
Stealth        | |  0.4

Action                   || total
-------------------------++-------
Melee: Unarmed           ||   105
       Punch             ||     1
  Use: Scroll            ||     4
 Stab: Sleeping          ||     6
Armor: Leather armour    ||    22
Dodge: Dodged            ||    66

Table legend: (Time is in decaauts)
 A = Elapsed time spent in this place.
 B = Non-inter-level travel time spent in this place.
 C = Inter-level travel time spent in this place.
 D = Time resting spent in this place.
 E = Time spent auto-exploring this place.
 F = Levels seen in this place.
 G = Mean time per level.
                   A        B        C        D        E       F      G
               +--------+--------+--------+--------+--------+-----+--------+
         Total |   1244 |   1220 |     24 |      0 |    989 |   2 |  622.0 |
       Dungeon |   1244 |   1220 |     24 |      0 |    989 |   2 |  622.0 |
               +--------+--------+--------+--------+--------+-----+--------+

Top non-repeatable levels by time:
     D:1: 975 daAuts
     D:2: 268 daAuts
